 Dungeon Crawl Stone Soup version 0.28-a0-199-g298df9dbad (webtiles) character file.

Game seed: 16739829441981845078

826 omnomnOMINOUS the Ducker (level 7, -2/52 HPs)
             Began as an Octopode Wanderer on Aug 19, 2021.
             Was a Believer of Wu Jian.
             Slain by a gnoll (7 damage)
             ... on level 6 of the Dungeon.
             The game lasted 00:21:51 (7694 turns).

omnomnOMINOUS the Ducker (Octopode Wanderer)        Turns: 7694, Time: 00:21:53

Health: -2/52      AC:  1    Str: 11    XL:     7   Next: 96%
Magic:  7/7        EV: 15    Int: 16    God:    Wu Jian [**....]
Gold:   85         SH:  0    Dex: 12    Spells: 6/6 levels left

rFire   . . .      SeeInvis .   b - +2 hand crossbow
rCold   + . .      Faith    .   (no shield)
rNeg    . . .      Spirit   .   (helmet restricted)
rPois   +          Reflect  .   (no amulet)
rElec   .          Harm     .   m - ring of protection from cold
rCorr   .          Rampage  .   s - ring of willpower
Will    +....                   A - ring of poison resistance
Stlth   +++.......              (no ring)
HPRegen 0.17/turn               (no ring)
MPRegen 0.10/turn               (no ring)
                                (no ring)
                                (no ring)

@: no status effects
A: almost no armour, amphibious, 8 rings, camouflage 1, gelatinous body 1,
(nimble swimmer 1), tentacles
a: Renounce Religion, Wall Jump


You were on level 6 of the Dungeon.
You worshipped Wu Jian.
Wu Jian was pleased with you.
You visited 1 branch of the dungeon, and saw 6 of its levels.

You collected 426 gold pieces.
You spent 341 gold pieces at shops.

Inventory:

Hand Weapons
 a - a +0 long sword
 b - a +2 hand crossbow (weapon)
 d - a +0 spear
 o - a +0 halberd
 q - a +1 mace of protection
 t - a +2 vampiric whip
 x - a +1 dagger of speed
 z - the +2 arbalest "Ehoix" {elec, rElec Dex-5 SInv}
   (You bought it in a shop on level 3 of the Dungeon)

   Any ammunition fired from it occasionally discharges a powerful burst of
   electricity upon striking a foe.
   Dex:       It affects your dexterity (-5).
   rElec:     It insulates you from electricity.
   SInv:      It lets you see invisible.
Missiles
 e - 102 bolts (quivered ammo)
 w - a throwing net
Jewellery
 m - a ring of protection from cold (left tentacle)
 s - a ring of willpower (right tentacle)
 A - a ring of poison resistance (on tentacle)
Wands
 v - a wand of flame (14)
Scrolls
 f - a scroll of fear {unknown}
 g - a scroll of noise {unknown}
 h - a scroll of acquirement {unknown}
 i - 2 scrolls of immolation
 k - 2 scrolls of vulnerability {unknown}
 p - 2 scrolls of teleportation {unknown}
 r - 2 scrolls of magic mapping {unknown}
 u - 8 scrolls of identify {unknown}
 y - a scroll of enchant weapon {unknown}
 C - a scroll of amnesia {unknown}
Potions
 c - 2 potions of curing
 j - a potion of cancellation {unknown}
 l - a potion of mutation {unknown}
 n - a potion of berserk rage {unknown}
 B - a potion of invisibility {unknown}
 D - a potion of lignification


   Skills:
 + Level 6.1 Fighting
 - Level 6.0 Crossbows
 + Level 6.1 Dodging
 - Level 1.3 Stealth
 - Level 1.0 Shields


You had 6 spell levels left.
You didn't know any spells.
Your spell library contained the following spells:

 Spells                   Type           Power      Damage    Failure   Level
 Animate Skeleton         Necr           0%         N/A       26%         1
 Apportation              Tloc           0%         N/A       26%         1
 Corona                   Hex            0%         N/A       26%         1
 Summon Small Mammal      Summ           0%         N/A       26%         1


Dungeon Overview and Level Annotations

Branches:
Dungeon (6/15)
 Temple: D:4-7

Altars:
Cheibriados
Dithmenos
Wu Jian
The Shining One

Shops:
D:1 [   D:2 !   D:3 *


Innate Abilities, Weirdness & Mutations

You cannot wear most types of armour.
You are amphibious.
You can wear up to eight rings at the same time.
Your skin changes colour to match your surroundings (Stealth+).
Your rubbery body absorbs attacks. (AC +1, EV +1)
((You are camouflaged near water. (Stealth+)))
You have tentacles for arms and can constrict up to eight enemies at once.


Message History

Fire: 108 bolts
Press: ? - help, Q - select action, (/) - cycle Shift-Dir - straight line, f/p - gnoll
Aim: a gnoll, wielding a +0 spear (72% to hit)
You shoot a bolt. The bolt hits the ufetubus!
You kill the ufetubus!
The Council accepts your kill.
The gnoll hits you from afar with a +0 halberd.
Fire: 107 bolts
Press: ? - help, Q - select action, (/) - cycle Shift-Dir - straight line, f/p - gnoll
Aim: a gnoll, wielding a +0 spear (72% to hit)
You shoot a bolt. The bolt hits the gnoll!
You kill the gnoll!
The Council accepts your kill.
Fire: 106 bolts
Press: ? - help, Q - select action, (/) - cycle Shift-Dir - straight line, f/p - gnoll
Aim: a gnoll, wielding a +0 spear (72% to hit)
You shoot a bolt. The bolt hits the gnoll.
The gnoll is lightly wounded.
The gnoll closely misses you.
Fire: 105 bolts
Press: ? - help, Q - select action, (/) - cycle Shift-Dir - straight line, f/p - gnoll
Aim: a gnoll, wielding a +0 spear (lightly wounded, 72% to hit)
You shoot a bolt. The bolt hits the gnoll.
The gnoll is moderately wounded.
The gnoll hits you from afar with a +0 spear.
* * * LOW HITPOINT WARNING * * *
Fire: 104 bolts
Press: ? - help, Q - select action, (/) - cycle Shift-Dir - straight line, f/p - gnoll
Aim: a gnoll, wielding a +0 spear (moderately wounded, 72% to hit)
You shoot a bolt. The bolt hits the gnoll!
The gnoll is almost dead.
The gnoll hits you from afar with a +0 spear.
* * * LOW HITPOINT WARNING * * *
The gnoll misses you.
Fire: 103 bolts
Press: ? - help, Q - select action, (/) - cycle Shift-Dir - straight line, f/p - gnoll
Aim: a gnoll, wielding a +0 spear (almost dead, 72% to hit)
You shoot a bolt. The bolt barely misses the gnoll.
The gnoll hits you from afar with a +0 spear!
You die...

#.# #.# #.#
##.## ##...##
#.....#
#.##...###...
#...........♣
#####@#####..
#(# ##g##
##...##
#(....#
#.......#
#.........#
+....(....'..
#.........#.#


You could see a gnoll.

Vanquished Creatures
  Eustachio (D:5)
  A sky beast (D:5)
  2 phantoms (D:4)
  A howler monkey (D:6)
  A jelly (D:3)
  A bullfrog skeleton (D:5)
  A hound (D:6)
  2 centaur zombies (D:6)
  2 hound skeletons
  5 gnolls (D:6)
  5 adders
  A shadow imp (D:5)
  3 ufetubi
  An adder skeleton (D:4)
  A worm (D:5)
  2 dart slugs
  An orc (D:3)
  10 ball pythons
  6 endoplasms
  7 giant cockroaches
  10 goblins
  7 hobgoblins
  7 jackals
  8 kobolds
  5 quokkas
  6 bats
  3 frilled lizards
  23 rats
123 creatures vanquished.

Vanquished Creatures (others)
  4 toadstools (D:1)
4 creatures vanquished.

Grand Total: 127 creatures vanquished

Notes
Turn   | Place    | Note
-------+----------+-------------------------------------------
     0 | D:1      | omnomnOMINOUS the Octopode Wanderer began the quest for the
                  | Orb.
     0 | D:1      | omnomnOMINOUS set off with the following items: a +2 hand
                  | crossbow, 27 bolts, a potion of curing, a potion of
                  | lignification
     0 | D:1      | Reached XP level 1. HP: 14/14 MP: 1/1
   241 | D:1      | Reached skill level 1 in Dodging
   335 | D:1      | Reached XP level 2. HP: 19/19 MP: 2/2
   835 | D:1      | Found Voyj Fol's Antique Armour Boutique.
   838 | D:1      | Reached XP level 3. HP: 24/24 MP: 3/3
  2430 | D:2      | Reached XP level 4. HP: 19/30 MP: 4/4
  2597 | D:2      | Found Dakhlaq's Distillery.
  2606 | D:2      | Bought a potion of heal wounds for 65 gold pieces
  2606 | D:2      | Bought a potion of curing for 39 gold pieces
  3156 | D:3      | Found a faded altar of an unknown god.
  3165 | D:3      | Became a worshipper of the Wu Jian Council
  3165 | D:3      | Reached * piety under Wu Jian
  3304 | D:3      | Reached XP level 5. HP: 36/36 MP: 5/5
  3567 | D:3      | Found a shadowy altar of Dithmenos.
  3686 | D:3      | Found Jepheg's Assorted Antiques.
  4356 | D:4      | Noticed a phantom
  4362 | D:4      | Killed a phantom
  4363 | D:4      | Reached XP level 6. HP: 43/43 MP: 6/6
  4638 | D:4      | Found a snail-covered altar of Cheibriados.
  5135 | D:4      | Found a glowing golden altar of the Shining One.
  5541 | D:5      | Entered Level 5 of the Dungeon
  5693 | D:3      | Bought a twisted arbalest for 237 gold pieces
  5693 | D:3      | Identified the +2 arbalest "Ehoix" {elec, rElec Dex-5 SInv}
                  | (You bought it in a shop on level 3 of the Dungeon)
  5898 | D:5      | Noticed Eustachio
  5963 | D:5      | Killed Eustachio
  5964 | D:5      | Reached skill level 5 in Fighting
  5964 | D:5      | Reached skill level 5 in Dodging
  5964 | D:5      | Reached XP level 7. HP: 14/50 MP: 7/7
  6717 | D:5      | Found Tiashycs's General Store.
  7350 | D:6      | Reached ** piety under Wu Jian
  7694 | D:6      | Slain by a gnoll

Illustrated notes

Levels and vault maps discovered:
D:1:      erik_arrival_cave_to_civilisation [erik_arrival_cave_to_temple],
          layout_basic, serial_shops, shop_statue, minivault_19,
          grunt_decor_clamped, minmay_gold_behind_fungi, minmay_hexomino_u4
D:2:      layout_rooms, serial_shops, nicolae_lakefront_shop,
          hangedman_decor_points, minmay_misc_feat_cross, minmay_rat_hole
D:3:      layout_basic, nicolae_dithmenos_shadow_blocks, serial_shops, shop,
          hellmonk_ecumenical_altar_blasted
D:4:      layout_loops_corners, marbit_many_paths, old_standard_altar
D:5:      layout_cave_pods, serial_shops, shop, grunt_decor_fettered,
          uniq_eustachio
D:6:      layout_loops_corners, mainiacjoe_overflow_alcove_2,
          minmay_temple_entry_trees

Skill      XL: |  1  2  3  4  5  6  7 |
---------------+----------------------+-----
Dodging        | 1 2 3 4 5 6 |  6.1
Fighting       | 3 4 5 6 |  6.1
Crossbows      | |  6.0
Stealth        | |  1.3
Shields        | |  1.0

Action                   |  1- 3 |  4- 6 |  7- 9 || total
-------------------------+-------+-------+-------++-------
Melee: Short sword       |    47 |       |       ||    47
       Unarmed           |     5 |       |       ||     5
       Constrict         |    21 |    40 |     4 ||    65
       Tentacles         |    12 |    20 |     5 ||    37
       Falchion          |    30 |   117 |    14 ||   161
       Halberd           |       |       |    14 ||    14
 Fire: Hand crossbow     |     2 |    57 |    25 ||    84
       Arbalest          |       |       |     4 ||     4
Throw: Throwing net      |       |       |     1 ||     1
Invok: Lunge             |       |    11 |     1 ||    12
  Use: Potion            |       |     2 |       ||     2
 Stab: Sleeping          |     8 |    12 |       ||    20
Armor: Skin              |     8 |   134 |     5 ||   147
Dodge: Dodged            |    37 |   105 |    45 ||   187
       Rpst.: Falchion   |     8 |    27 |     4 ||    39

Table legend: (Time is in decaauts)
 A = Elapsed time spent in this place.
 B = Non-inter-level travel time spent in this place.
 C = Inter-level travel time spent in this place.
 D = Time resting spent in this place.
 E = Time spent auto-exploring this place.
 F = Levels seen in this place.
 G = Mean time per level.
                   A        B        C        D        E       F      G
               +--------+--------+--------+--------+--------+-----+--------+
         Total |   7746 |   7501 |    245 |   1996 |   4379 |   6 | 1291.0 |
       Dungeon |   7746 |   7501 |    245 |   1996 |   4379 |   6 | 1291.0 |
               +--------+--------+--------+--------+--------+-----+--------+

Top non-repeatable levels by time:
     D:1: 2505 daAuts
     D:4: 1285 daAuts
     D:5: 1250 daAuts
     D:3: 1202 daAuts
     D:6: 838 daAuts
     D:2: 664 daAuts
